 Dungeon Crawl Stone Soup version 0.27.1-34-g3ba077fa99 (webtiles) character file.

Game seed: 113998962098590275

167 Ijustatesigmund the Skirmisher (level 5, -1/34 HPs)
             Began as a Gargoyle Fighter on Jan 28, 2022.
             Killed from afar by an orc wizard (3 damage)
             ... with a magic dart
             ... on level 3 of the Dungeon.
             The game lasted 00:03:54 (3023 turns).

Ijustatesigmund the Skirmisher (Gargoyle Fighter)   Turns: 3023, Time: 00:03:55

Health: -1/34      AC: 10    Str: 20    XL:     5   Next: 48%
Magic:  0/14       EV:  8    Int:  9    God:
Gold:   41         SH:  9    Dex:  9    Spells: 4/4 levels left

rFire    . . .     SeeInvis .   a - +0 flail
rCold    . . .     Faith    .   c - +0 kite shield
rNeg     + + .     Spirit   +   b - +1 ring mail {rN+}
rPois    ∞         Reflect  .   (no helmet)
rElec    +         Harm     .   (no cloak)
rCorr    .         Rampage  .   (no gloves)
Will     .....                  (no boots)
Stlth    ..........             k - amulet of guardian spirit
HPRegen  0.11/turn              g - ring of magical power
MPRegen  0.14/turn              (no ring)

@: mighty
A: sickness immunity, AC +4, negative energy resistance 1, electricity
resistance, torment resistance 1, petrification resistance
a: no special abilities


You were on level 3 of the Dungeon.
You visited 1 branch of the dungeon, and saw 3 of its levels.

You collected 41 gold pieces.

Inventory:

Hand Weapons
 a - a +0 flail (weapon)
Armour
 b - a +1 ring mail of positive energy (worn)
 c - a +0 kite shield (worn)
 e - a +0 chain mail
Jewellery
 g - a ring of magical power (left hand)
 k - an amulet of guardian spirit (around neck)
Wands
 i - a wand of digging (5)
Scrolls
 l - a scroll of blinking {unknown}
Potions
 f - 2 potions of curing
 h - a potion of brilliance {unknown}
 j - a potion of degeneration {unknown}
 m - a potion of cancellation {unknown}
 n - a potion of attraction {unknown}


   Skills:
 + Level 4.6 Fighting
 + Level 4.5 Maces & Flails
 + Level 3.4 Armour
 - Level 3.2 Shields


You had 4 spell levels left.
You didn't know any spells.
Your spell library was empty.

Dungeon Overview and Level Annotations

Branches:
Dungeon (3/15)

Altars:

Shops:
D:2 *


Innate Abilities, Weirdness & Mutations

You are immune to sickness and miasma.
Your stone body is resilient. (AC +4)
You are immune to poison.
You resist negative energy. (rN+)
You are resistant to electric shocks. (rElec)
You are resistant to unholy torment.
You are immune to petrification.


Message History

You feel better. Something hits you but does no damage.
You feel very mighty all of a sudden.
You hear some strange, mumbled words.
A puff of flame appears from out of thin air!
The puff of flame hits you!
* * * LOW HITPOINT WARNING * * *
You closely miss something.
Something hits you but does no damage. x2
You closely miss something. Something hits you but does no damage.
You miss something.
You hear some strange, mumbled words.
A puff of flame appears from out of thin air!
The puff of flame misses you.
You miss something. Something hits you but does no damage.
You hear some strange, mumbled words.
Something tries to affect you, but you resist.
You miss something. Something hits you.
* * * LOW HITPOINT WARNING * * *
You closely miss something. Something hits you but does no damage.
Something hits you.
* * * LOW HITPOINT WARNING * * *
You feel better. Something hits you but does no damage.
You miss something. Something hits you.
You barely miss something. Something hits you.
You miss something.
You hear some strange, mumbled words.
A puff of flame appears from out of thin air!
The puff of flame hits you!
* * * LOW HITPOINT WARNING * * *
Something hits you but does no damage.
You miss something. Something hits you.
* * * LOW HITPOINT WARNING * * *
You closely miss something.
You hear some strange, mumbled words.
A puff of flame appears from out of thin air!
The puff of flame hits you.
* * * LOW HITPOINT WARNING * * *
You hear some strange, mumbled words.
A magic dart appears from out of thin air!
The magic dart hits you.
You die...

...# ##.## ###########
#..# #.........# ##.##
#.........# #..#
#.........###
####.#########..........?.
..........................
...#..#######....)........
##.##.#######..{@)........
#.##.##........#######...
##.##.##.....)..# ..
...##..#........# .
######.##.#....##
######....#....#
.......#..###..#
.......#.......#
....#..###.#...#


There were no monsters in sight!

Vanquished Creatures
  A phantom (D:2)
  2 adders
  A worm (D:2)
  3 dart slugs (D:1)
  3 orcs (D:3)
  3 ball pythons
  3 endoplasms (D:1)
  A giant cockroach (D:2)
  10 goblins
  8 hobgoblins
  3 jackals (D:1)
  3 quokkas
  7 bats
  2 frilled lizards
  6 kobolds
  4 rats
60 creatures vanquished.

Notes
Turn   | Place    | Note
-------+----------+-------------------------------------------
     0 | D:1      | Ijustatesigmund the Gargoyle Fighter began the quest for
                  | the Orb.
     0 | D:1      | Reached XP level 1. HP: 14/14 MP: 1/1
   230 | D:1      | Reached XP level 2. HP: 19/19 MP: 2/2
   547 | D:1      | Reached XP level 3. HP: 13/24 MP: 3/3
   815 | D:1      | Found a faded altar of an unknown god.
  1480 | D:2      | Found Pedicvaff's General Store.
  1829 | D:2      | Reached XP level 4. HP: 29/29 MP: 4/4
  2028 | D:2      | Noticed a phantom
  2051 | D:2      | Killed a phantom
  2052 | D:2      | Reached XP level 5. HP: 17/34 MP: 5/5
  3023 | D:3      | Killed from afar by an orc wizard

Illustrated notes

Levels and vault maps discovered:
D:1:      mrwooster_arrival_arrow, layout_basic,
          hellmonk_ecumenical_altar_arch_garden
D:2:      layout_basic, serial_shops, shop, minmay_tree_intersection,
          minmay_stone_trees_medium
D:3:      layout_basic, hangedman_decor_points

Skill      XL: |  1  2  3  4 |
---------------+-------------+-----
Maces & Flails | 3 4 |  4.5
Fighting       | 4 |  4.6
Armour         | |  3.4
Shields        | |  3.2

Action                   |  1- 3 |  4- 6 || total
-------------------------+-------+-------++-------
Melee: Flail             |   133 |   133 ||   266
  Use: Potion            |       |     4 ||     4
       Scroll            |       |     2 ||     2
Armor: Scale mail        |    59 |       ||    59
       Chain mail        |    32 |    42 ||    74
       Ring mail         |       |    50 ||    50
Dodge: Dodged            |    50 |    34 ||    84
Block: Kite shield       |    86 |    61 ||   147
